 Dungeon Crawl Stone Soup version 0.27.0-1-g7a089689b8 (webtiles) character file.

Game seed: 14488905821130881875

305 sasquatch the Cudgeller (level 6, 0/40 (47) HPs)
             Began as a Formicid Fighter on Aug 7, 2021.
             Slain by a scorpion (2 damage)
             ... on level 4 of the Dungeon.
             The game lasted 00:03:03 (3229 turns).

sasquatch the Cudgeller (Formicid Fighter)          Turns: 3229, Time: 00:03:04

HP:   0/40 (47)     AC:  8    Str: 23    XL:     6   Next: 67%
MP:   6/6           EV:  8    Int:  7    God:
Gold: 171           SH:  9    Dex: 10    Spells: 5/5 levels left

rFire    . . .     SeeInvis +   a - +0 flail
rCold    . . .     Faith    .   c - +0 kite shield
rNeg     . . .     Spirit   .   b - +0 scale mail
rPois    .         Reflect  .   (helmet unavailable)
rElec    .         Harm     .   (no cloak)
rCorr    .         Rampage  .   (no gloves)
Will     .....                  h - +0 pair of boots
Stlth    ..........             (no amulet)
HPRegen  0.13/turn              (no ring)
MPRegen  0.10/turn              (no ring)

@: mighty, heavily drained
A: permanent stasis, dig shafts and tunnels, antennae 3, four strong arms
a: Dig, Shaft Self


You were on level 4 of the Dungeon.
You visited 1 branch of the dungeon, and saw 4 of its levels.

You collected 171 gold pieces.

Inventory:

Hand Weapons
 a - a +0 flail (weapon)
Missiles
 j - 6 javelins
Armour
 b - a +0 scale mail (worn)
 c - a +0 kite shield (worn)
 h - a +0 pair of boots (worn)
Jewellery
 l - a ring of resist corrosion
Wands
 n - a wand of polymorph (3)
Scrolls
 e - a scroll of enchant armour {unknown}
 g - 3 scrolls of identify {unknown}
 i - 2 scrolls of immolation {unknown}
 k - a scroll of fog {unknown}
 m - a scroll of noise {unknown}
 p - a scroll of magic mapping {unknown}
Potions
 f - 2 potions of curing {unknown}
 o - a potion of heal wounds {unknown}
 q - a potion of magic {unknown}
 r - a potion of lignification {unknown}


   Skills:
 - Level 3.2 Fighting
 + Level 6.6 Maces & Flails
 - Level 3.2 Armour
 - Level 3.6 Shields


You had 5 spell levels left.
You didn't know any spells.
Your spell library contained the following spells:

 Spells                   Type           Power      Damage    Failure   Level
 Corona                   Hex            0%         N/A       98%         1
 Ensorcelled Hibernation  Hex/Ice        0%         N/A       99%         2
 Slow                     Hex            0%         N/A       99%         2
 Confusing Touch          Hex            0%         N/A       100%        3
 Stone Arrow              Conj/Erth      0%         3d7       100%        3
 Tukima's Dance           Hex            0%         N/A       100%        3
 Vampiric Draining        Necr           0%         2d6       100%        3
 Animate Armour           Summ/Erth      0%         N/A       100%        4
 Lehudib's Crystal Spear  Conj/Erth      0%         10d2      100%        8


Dungeon Overview and Level Annotations

Branches:
Dungeon (4/15)
 Temple: D:4-7

Altars:


Innate Abilities, Weirdness & Mutations

You cannot be hasted, slowed, berserked, paralysed or teleported.
You can dig through walls and to a lower floor.
You have a pair of large antennae on your head. (SInv)
Your four strong arms can wield two-handed weapons with a shield.


Message History

The scorpion stings you.
A scorpion is nearby!
You hit the scorpion but do no damage. The scorpion closely misses you.
You sock the scorpion!
The scorpion is severely wounded.
The scorpion stings you but does no damage.
The scorpion stings you!
You closely miss the scorpion.
The scorpion is severely wounded.
The scorpion stings you.
You are poisoned.
The scorpion poisons you!
You hit the scorpion.
The scorpion is severely wounded.
You feel sick. The scorpion stings you!
The scorpion stings you but does no damage.
Unknown command.
You are too injured to fight recklessly!
You are too injured to fight recklessly!
You are too injured to fight recklessly!
You barely miss the scorpion.
The scorpion is severely wounded.
You feel sick. The scorpion closely misses you.
You barely miss the scorpion.
The scorpion is severely wounded.
You feel sick. The scorpion stings you. You block the scorpion's attack.
You barely miss the scorpion.
The scorpion is severely wounded.
You feel sick. You block the scorpion's attack.
You barely miss the scorpion.
The scorpion is severely wounded.
You feel sick.
You are no longer poisoned.
The scorpion stings you.
* * * LOW HITPOINT WARNING * * *
The scorpion stings you.
* * * LOW HITPOINT WARNING * * *
You feel very mighty all of a sudden. The scorpion stings you.
You die...

# #. ######### #.
#.......#
#.#######.#####.#####
#...................
#.##.####.##.@#.####
##...###.##..s...#
#.....##.###.#.#.#
##...###.# #.#.#
##.## #.. ... . #.#
### #####. #######.#
#.# ......#'## #.#
#####....## #####.###


You could see a scorpion.

Vanquished Creatures
  A hound (D:4)
  A centaur skeleton (D:3)
  Natasha (twice) (D:2)
  11 gnolls
  3 adders (D:2)
  2 worms
  A dart slug (D:1)
  3 orcs (D:3)
  2 ball pythons (D:1)
  3 endoplasms
  2 giant cockroaches (D:3)
  4 goblins
  6 hobgoblins (D:3)
  2 jackals (D:3)
  4 kobolds
  A quokka (D:1)
  2 bats
  3 frilled lizards
  12 rats
65 creatures vanquished.

Notes
Turn   | Place    | Note
-------+----------+-------------------------------------------
     0 | D:1      | sasquatch the Formicid Fighter began the quest for the Orb.
     0 | D:1      | Reached XP level 1. HP: 18/18 MP: 1/1
   250 | D:1      | Reached XP level 2. HP: 24/24 MP: 2/2
   457 | D:1      | Reached skill level 3 in Maces & Flails
   742 | D:2      | Reached XP level 3. HP: 29/29 MP: 3/3
  1170 | D:2      | Noticed Natasha
  1175 | D:2      | Killed Natasha
  1176 | D:2      | Reached skill level 4 in Maces & Flails
  1176 | D:2      | Reached XP level 4. HP: 35/35 MP: 4/4
  1265 | D:2      | Noticed Natasha
  1276 | D:2      | Killed Natasha
  1356 | D:2      | Found a faded altar of an unknown god.
  1575 | D:2      | Reached XP level 5. HP: 41/41 MP: 5/5
  1580 | D:2      | Reached skill level 5 in Maces & Flails
  1817 | D:3      | Reached XP level 6. HP: 19/47 MP: 6/6
  2121 | D:3      | Reached skill level 6 in Maces & Flails
  3228 | D:4      | HP: 2/40 [scorpion (3)]
  3229 | D:4      | Slain by a scorpion

Illustrated notes

Levels and vault maps discovered:
D:1:      onia_arrival_pyramid, layout_loops_ring, minmay_tromino_v7
D:2:      layout_loops_ring, ebering_ecumenical_altar_webs, uniq_natasha
D:3:      minmay_evil_eye, layout_loops_corners
D:4:      layout_loops_corners, led_xom_imps, chequers_jeans,
          hangedman_decor_clover_reticule, feat_on_display, uniq_edmund,
          uniq_blork_the_orc

Skill      XL: |  1  2  3  4  5  6 |
---------------+-------------------+-----
Maces & Flails | 3 4 5 6 |  6.6
Fighting       | |  3.2
Armour         | |  3.2
Shields        | |  3.6

Action                   |  1- 3 |  4- 6 || total
-------------------------+-------+-------++-------
Melee: Flail             |    68 |   162 ||   230
  Use: Potion            |       |     1 ||     1
Armor: Scale mail        |    29 |    53 ||    82
Dodge: Dodged            |    17 |    52 ||    69
Block: Kite shield       |    32 |    76 ||   108
